 Dungeon Crawl Stone Soup version 0.21.1-1-g345015f (webtiles) character file.

333 erloom the Covered (level 6, 0/51 HPs)
             Began as a Gnoll Wanderer on Mar 3, 2018.
             Was a Follower of Okawaru.
             Slain by Grinder (3 damage)
             ... on level 3 of the Dungeon.
             The game lasted 00:11:18 (3162 turns).

erloom the Covered (Gnoll Wanderer)                 Turns: 3162, Time: 00:11:19

Health: 0/51       AC: 12    Str: 17    XL:     6   Next: 53%
Magic:  9/9        EV: 10    Int: 15    God:    Okawaru [*.....]
Gold:   177        SH:  0    Dex: 13    Spells: 9/9 levels left

rFire    . . .     SeeInvis .   h - +0 spear (vamp)
rCold    . . .     Gourm    .   (no shield)
rNeg     . . .     Faith    .   a - +2 scale mail
rPois    .         Spirit   .   v - +1 helmet
rElec    .         Reflect  .   (no cloak)
rCorr    .         Harm     .   (no gloves)
MR       .....                  (no boots)
Stlth    +.........             (no amulet)
HPRegen  0.17/turn              (no ring)
MPRegen  0.11/turn              (no ring)

@: no status effects
A: distributed training, fangs 1, strong nose
a: Heroism, Renounce Religion


You were on level 3 of the Dungeon.
You worshipped Okawaru.
Okawaru was aware of your devotion.
You were hungry.

You visited 1 branch of the dungeon, and saw 3 of its levels.

You collected 177 gold pieces.

Inventory:

Hand Weapons
 b - a +0 blowgun
 h - a +0 vampiric spear (weapon)
 r - a +2 hunting sling of freezing
 u - a +0 hand axe
Missiles
 j - 2 javelins (quivered)
 o - 3 tomahawks of returning
 t - 2 poisoned needles
Armour
 a - a +2 scale mail (worn)
 v - a +1 helmet (worn)
Jewellery
 e - an uncursed ring of fire
Wands
 k - a wand of digging (16)
Scrolls
 c - a scroll of teleportation
 f - 4 scrolls of remove curse
 l - a scroll of identify {unknown}
 p - a scroll of enchant weapon {unknown}
 s - a scroll of fog {unknown}
Potions
 g - a potion of haste {unknown}
 i - a potion of brilliance {unknown}
 m - a potion of resistance {unknown}
 n - a potion of curing {unknown}
 q - a potion of magic {unknown}
 x - a potion of agility {unknown}
Comestibles
 d - 5 rations


   Skills:
 + Level 5.0 Fighting
 + Level 2.0 Short Blades
 + Level 2.0 Long Blades
 + Level 5.0 Axes
 + Level 2.0 Maces & Flails
 + Level 2.0 Polearms
 + Level 2.0 Staves
 + Level 2.0 Slings
 + Level 3.2 Bows
 + Level 2.0 Crossbows
 + Level 3.2 Throwing
 + Level 6.8 Armour
 + Level 2.0 Dodging
 + Level 3.1 Stealth
 + Level 2.0 Shields
 + Level 2.0 Unarmed Combat
 + Level 2.0 Spellcasting
 + Level 1.5 Conjurations
 + Level 1.5 Hexes
 + Level 1.5 Charms
 + Level 1.5 Summonings
 + Level 1.5 Necromancy
 + Level 1.5 Translocations
 + Level 1.5 Transmutations
 + Level 1.5 Fire Magic
 + Level 1.5 Ice Magic
 + Level 1.5 Air Magic
 + Level 1.5 Earth Magic
 + Level 1.5 Poison Magic
 + Level 2.1 Invocations
 + Level 2.0 Evocations


You had 9 spell levels left.
You didn't know any spells.

Dungeon Overview and Level Annotations

Branches:
Dungeon (3/15)

Altars:
Okawaru
Trog
Vehumet
The Shining One

Annotations:
D:3 Grinder


Innate Abilities, Weirdness & Mutations

Your experience applies equally to all skills.
You have very sharp teeth.
Your uncanny sense of smell can sniff out nearby items.


Message History

You completely miss Grinder.
Grinder is severely wounded.
You feel like a meek peon again. Grinder barely misses you.
You hit Grinder.
Grinder is severely wounded.
Grinder closely misses you.
You hit Grinder.
Grinder is almost dead.
Grinder hits you but does no damage.
You barely miss Grinder.
Grinder is almost dead.
Grinder gestures at you. Pain shoots through your body!
* * * LOW HITPOINT WARNING * * *
Okay, then.
You hit Grinder.
Grinder is almost dead.
Grinder hits you.
You die...

#.# #.#
#.# #.#
#.# #.#
#.# #.#
#.# #.#
#.# #.#
#.# #.#
#.#####5#
#..)..@.#
#########


You could see Grinder.

Vanquished Creatures
  The ghost of appiemonkey the Ruffian, an amateur NaTm (D:3)
  Jessica (D:2)
  Natasha (twice) (D:3)
  Robin (D:2)
  A gnoll (D:1)
  3 adders
  6 worms
  3 dart slugs
  2 leopard geckos
  2 orcs (D:3)
  2 giant cockroaches (D:1)
  16 goblins
  17 hobgoblins
  5 jackals (D:2)
  10 kobolds
  2 quokkas (D:3)
  2 ball pythons
  9 bats
  2 frilled lizards
  11 rats
98 creatures vanquished.

Vanquished Creatures (others)
  5 toadstools (D:1)
5 creatures vanquished.

Grand Total: 103 creatures vanquished

Notes
Turn   | Place    | Note
-------+----------+-------------------------------------------
     0 | D:1      | erloom the Gnoll Wanderer began the quest for the Orb.
     0 | D:1      | erloom set off with: a +2 scale mail, a +0 hand axe, a scroll of teleportation, a ration
     0 | D:1      | Reached XP level 1. HP: 20/20 MP: 1/1
    95 | D:1      | Reached XP level 2. HP: 19/26 MP: 2/2
   447 | D:1      | HP: 1/26 [gnoll/vampiric spear (4)]
   450 | D:1      | Reached XP level 3. HP: 2/31 MP: 3/3
   996 | D:1      | Reached skill level 1 in Invocations
  1174 | D:2      | Reached skill level 1 in Short Blades
  1174 | D:2      | Reached skill level 1 in Long Blades
  1174 | D:2      | Reached skill level 1 in Maces & Flails
  1174 | D:2      | Reached skill level 1 in Polearms
  1174 | D:2      | Reached skill level 1 in Staves
  1174 | D:2      | Reached skill level 1 in Slings
  1174 | D:2      | Reached skill level 1 in Crossbows
  1174 | D:2      | Reached skill level 1 in Dodging
  1174 | D:2      | Reached skill level 1 in Shields
  1174 | D:2      | Reached skill level 1 in Unarmed Combat
  1174 | D:2      | Reached skill level 1 in Spellcasting
  1174 | D:2      | Reached skill level 1 in Evocations
  1174 | D:2      | Reached XP level 4. HP: 31/38 MP: 5/5
  1337 | D:2      | Found a radiant altar of Vehumet.
  1340 | D:2      | Found a bloodstained altar of Trog.
  1343 | D:2      | Found an iron altar of Okawaru.
  1347 | D:2      | Became a worshipper of Warmaster Okawaru
  1456 | D:2      | Noticed Jessica
  1457 | D:2      | Killed Jessica
  1457 | D:2      | Reached skill level 1 in Conjurations
  1457 | D:2      | Reached skill level 1 in Hexes
  1457 | D:2      | Reached skill level 1 in Charms
  1457 | D:2      | Reached skill level 1 in Summonings
  1457 | D:2      | Reached skill level 1 in Necromancy
  1457 | D:2      | Reached skill level 1 in Translocations
  1457 | D:2      | Reached skill level 1 in Transmutations
  1457 | D:2      | Reached skill level 1 in Fire Magic
  1457 | D:2      | Reached skill level 1 in Ice Magic
  1457 | D:2      | Reached skill level 1 in Air Magic
  1457 | D:2      | Reached skill level 1 in Earth Magic
  1457 | D:2      | Reached skill level 1 in Poison Magic
  1525 | D:2      | Found a glowing golden altar of the Shining One.
  1597 | D:2      | Noticed Robin
  1654 | D:2      | Killed Robin
  1654 | D:2      | Reached XP level 5. HP: 16/43 MP: 6/6
  2337 | D:3      | Noticed Natasha
  2354 | D:3      | Killed Natasha
  2381 | D:3      | Noticed appiemonkey's ghost (amateur NaTm)
  2398 | D:3      | Killed appiemonkey's ghost
  2398 | D:3      | Reached XP level 6. HP: 43/50 MP: 8/8
  2465 | D:3      | Noticed Grinder
  2514 | D:3      | Paralysed by Grinder for 6 turns
  2531 | D:3      | Paralysed by Grinder for 3 turns
  2539 | D:3      | Noticed Natasha
  3045 | D:3      | Reached * piety under Okawaru
  3089 | D:3      | Killed Natasha
  3089 | D:3      | Reached skill level 5 in Fighting
  3089 | D:3      | Reached skill level 5 in Axes
  3139 | D:3      | Paralysed by Grinder for 4 turns
  3161 | D:3      | HP: 2/51 [Grinder/nerve-wracking pain (7)]
  3162 | D:3      | Slain by Grinder

Skill      XL: |  1  2  3  4  5  6 |
---------------+-------------------+-----
Invocations    | 1 2 |  2.1
Short Blades   | 1 2 |  2.0
Long Blades    | 1 2 |  2.0
Maces & Flails | 1 2 |  2.0
Polearms       | 1 2 |  2.0
Staves         | 1 2 |  2.0
Slings         | 1 2 |  2.0
Crossbows      | 1 2 |  2.0
Dodging        | 1 2 |  2.0
Shields        | 1 2 |  2.0
Unarmed Combat | 1 2 |  2.0
Spellcasting   | 1 2 |  2.0
Evocations     | 1 2 |  2.0
Conjurations   | 1 |  1.5
Hexes          | 1 |  1.5
Charms         | 1 |  1.5
Summonings     | 1 |  1.5
Necromancy     | 1 |  1.5
Translocations | 1 |  1.5
Transmutations | 1 |  1.5
Fire Magic     | 1 |  1.5
Ice Magic      | 1 |  1.5
Air Magic      | 1 |  1.5
Earth Magic    | 1 |  1.5
Poison Magic   | 1 |  1.5
Bows           | 3 |  3.2
Throwing       | 3 |  3.2
Stealth        | 3 |  3.1
Fighting       | 5 |  5.0
Axes           | 5 |  5.0
Armour         | |  6.8

Action                   |  1- 3 |  4- 6 || total
-------------------------+-------+-------++-------
Melee: Hand axe          |    73 |       ||    73
       Bite              |     6 |    47 ||    53
       Spear             |    33 |   409 ||   442
       Punch             |       |     2 ||     2
Throw: Javelin           |       |     1 ||     1
Invok: Heroism           |       |     1 ||     1
  Use: Scroll            |     2 |     1 ||     3
  Eat: Ration            |     2 |       ||     2
       Chunk             |       |     5 ||     5
Armor: Scale mail        |    61 |   165 ||   226
Dodge: Dodged            |    56 |   192 ||   248
